 Dungeon Crawl Stone Soup version 0.31-a0-765-g67fe2935dc (webtiles) character file.

Game seed: 6683002307714643910

69 ryw the Changeling (level 3, -3/28 HPs)
             Began as a Demigod Shapeshifter on Sept 15, 2023.
             Killed by divine providence
             ... invoked by an orc priest
              (11 damage)
             ... on level 3 of the Dungeon.
             The game lasted 00:03:54 (1691 turns).

ryw the Changeling (Demigod Shapeshifter)           Turns: 1691, Time: 00:03:55

Health: -3/28      AC: 10    Str: 19    XL:     3   Next: 75%
Magic:  5/5        EV:  5    Int: 12    God:
Gold:   120        SH:  0    Dex: 13    Spells: 2/2 levels left

rFire   . .          .
                       - Unarmed
rCold   . . .        (no shield)
rNeg    . . .        a - +0 plate armour
rPois   .            (helmet currently unavailable)
rElec   .            (cloak currently unavailable)
rCorr   .            (gloves currently unavailable)
SInv    .            (boots currently unavailable)
Will    .....        g - amulet of the acrobat Stlth
                     (no ring)
HPRegen 0.24/turn    (no ring)
MPRegen 0.09/turn

%: acrobat
@: beast-form
A: beast (slay +2), high MP 1, forlorn, divine attributes
a: Begin Untransformation


You were on level 3 of the Dungeon.
You were a hulking beast.
You visited 1 branch of the dungeon, and saw 3 of its levels.

You collected 120 gold pieces.

Inventory:

Missiles
 e - 2 boomerangs (quivered)
 m - 4 poisoned darts
Armour
 a - a +0 plate armour (worn)
 q - a +0 helmet
Jewellery
 g - an amulet of the acrobat (around neck)
 k - a ring of see invisible
 u - a +6 ring of dexterity
Talismans
 c - a beast talisman (active)
 d - a flux talisman
Wands
 r - a wand of flame (11)
 t - a wand of light (7)
Scrolls
 f - a scroll of vulnerability {unknown}
 n - a scroll of immolation {unknown}
 o - a scroll of fear {unknown}
Potions
 b - a potion of lignification
 h - 2 potions of might {unknown}
 i - 3 potions of curing {unknown}
 j - a potion of resistance {unknown}
 l - 3 potions of degeneration {unknown}
 p - a potion of enlightenment {unknown}
 s - a potion of heal wounds {unknown}


   Skills:
 + Level 1.0 Fighting
 - Level 1.0 Throwing
 + Level 0.0 Armour
 - Level 2.0 Dodging
 + Level 3.0 Unarmed Combat
 + Level 3.7 Shapeshifting


You had 2 spell levels left.
You didn't know any spells.
Your spell library was empty.

Dungeon Overview and Level Annotations

Branches:
Dungeon (3/15)


Innate Abilities, Weirdness & Mutations

You are a hulking beast.
Your limbs bulge with bestial killing power. (Slay +2)
You have an increased reservoir of magic. (+10% MP)
You shall have no god before yourself.
Your divine heritage dramatically boosts your attributes as you level up.


Message History

The orc priest shouts!
The kobold shouts!
The orc priest begins to cast a cantrip, but forgets the words!
The orc priest looks satisfied for a moment.
Found an escape hatch in the ceiling.
Found a stone staircase leading down.
You hit the orc.
The orc is heavily wounded.
You completely miss the orc.
The orc is heavily wounded.
The orc priest casts a cantrip, but nothing happens.
The orc priest begins to cast a cantrip, but forgets the words!
You hit the orc.
The orc is heavily wounded.
You hit the orc.
The orc is heavily wounded.
The orc hits you with a +0 club.
The orc priest calls down the wrath of Beogh upon you.
Beogh smites you!
Ouch! That really hurt!
You are too injured to fight recklessly!
You are too injured to fight recklessly!
You are too injured to fight recklessly!
Unknown command.
The kobold closely misses you.
The orc priest hits the bush with a +0 club.
The kobold attacks as it pursues you! The kobold completely misses you.
The orc completely misses you.
The orc priest begins to cast a cantrip, but forgets the words!
The orc barely misses you.
The orc hits something but does no damage.
The kobold attacks as it pursues you! The kobold hits you but does no damage.
The orc attacks as it pursues you! The orc misses you.
The kobold attacks as it pursues you! The kobold misses you.
The orc attacks as it pursues you! The orc misses you.
The orc attacks as it pursues you! The orc hits you with a +0 war axe.
* * * LOW HITPOINT WARNING * * *
The kobold attacks as it pursues you! The kobold barely misses you.
There is an escape hatch in the ceiling here.
The orc priest mumbles some strange prayers to Beogh against you.
Beogh smites you!
You die...

......#.........##.###..
.....................##.
....##.....##..#.......
.....!......##.........
....#.o.♣♣P..$.###....)
### #.o..♣P...#........
#.oo........####...
#.oK......#........
#.h....>....####...
#.........#. .....
#######...# ##..## ...#
##. .. #.


You could see 2 orc priests, 3 orcs and a kobold.

Vanquished Creatures
  2 adders (D:2)
  A worm (D:2)
  3 ball pythons
  7 bats
  7 endoplasms
  A giant cockroach (D:2)
  6 goblins
  3 hobgoblins
  3 quokkas
  A frilled lizard (D:2)
  5 kobolds
  2 rats
41 creatures vanquished.

Notes
Turn   | Place    | Note
-------+----------+-------------------------------------------
     0 | D:1      | ryw the Demigod Shapeshifter began the quest for the Orb.
     0 | D:1      | Reached XP level 1. HP: 15/15 MP: 3/3
     9 | D:1      | Noticed an ogre
    69 | D:1      | Reached skill level 1 in Fighting
   144 | D:1      | Reached XP level 2. HP: 15/23 MP: 4/4
   398 | D:1      | Reached skill level 1 in Throwing
   736 | D:2      | Reached XP level 3. HP: 28/28 MP: 5/5
  1186 | D:2      | Identified the +1 robe "Wesouju" {rPois rN+ Str-3 Dex+3}
  1691 | D:3      | Killed from afar by an orc priest

Illustrated notes

Levels and vault maps discovered:
D:1:      evilmike_arrival_come_back, layout_rooms
D:2:      layout_basic, feat_on_display
D:3:      layout_rooms, ebering_ghost_sewer_f, serial_shops, nicolae_shop_stone,
          minivault_24, serial_park_tiny_2

Skill      XL: |  1  2 |
---------------+-------+-----
Fighting       | 1 |  1.0
Dodging        | 2 |  2.0
Throwing       | 1 |  1.0
Unarmed Combat | 3 |  3.0
Shapeshifting  | 3 |  3.7

Action                     || total
---------------------------++-------
  Melee: Unarmed           ||   135
         Punch             ||     1
  Throw: Boomerang         ||     6
   Stab: Sleeping          ||     3
 Armour: Animal skin       ||    40
         Plate armour      ||    15
         Robe              ||     4
  Dodge: Dodged            ||   104

Table legend: (Time is in decaauts)
 A = Elapsed time spent in this place.
 B = Non-inter-level travel time spent in this place.
 C = Inter-level travel time spent in this place.
 D = Time resting spent in this place.
 E = Time spent auto-exploring this place.
 F = Levels seen in this place.
 G = Mean time per level.
                   A        B        C        D        E       F      G
               +--------+--------+--------+--------+--------+-----+--------+
         Total |   1686 |   1617 |     69 |     60 |   1198 |   3 |  562.0 |
       Dungeon |   1686 |   1617 |     69 |     60 |   1198 |   3 |  562.0 |
               +--------+--------+--------+--------+--------+-----+--------+

Top non-repeatable levels by time:
     D:2: 881 daAuts
     D:1: 674 daAuts
     D:3: 130 daAuts
